 Dungeon Crawl Stone Soup version 0.30-a0-424-g7412bad402 (webtiles) character file.

Game seed: 5796166474006541188

804 Raultor the Changer (level 7, -1/50 HPs)
             Began as an Octopode Transmuter on Dec 9, 2022.
             Was a Believer of Zin.
             Slain by Duvessa
             ... wielding a +2 short sword of venom
              (4 damage)
             ... on level 5 of the Dungeon.
             The game lasted 00:09:39 (4309 turns).

Raultor the Changer (Octopode Transmuter)           Turns: 4309, Time: 00:09:40

Health: -1/50      AC:  1    Str:  9    XL:     7   Next: 91%
Magic:  10/10      EV: 13    Int: 18    God:    Zin [**....]
Gold:   193        SH:  0    Dex: 12    Spells: 7/10 levels left

rFire   + . .      SeeInvis .      - Unarmed
rCold   + . .      Faith    .    (no shield)
rNeg    . . .      Spirit   .    (helmet restricted)
rPois   +          Reflect  .    (no amulet)
rElec   +          Harm     .    (no ring)
rCorr   +          Rampage  .    (no ring)
Will    .....                    (no ring)
Stlth   ++........               (no ring)
HPRegen 0.28/turn                (no ring)
MPRegen 0.12/turn                (no ring)
                                 (no ring)
                                 (no ring)

@: resistant, attractive
A: almost no armour, amphibious, 8 rings, camouflage 1, gelatinous body 1,
(nimble swimmer 1), tentacles, robust 1, wild magic 1
a: Renounce Religion, Recite, Vitalisation, Donate Gold


You were on level 5 of the Dungeon.
You worshipped Zin.
Zin was pleased with you.
You visited 2 branches of the dungeon, and saw 6 of its levels.

You collected 214 gold pieces.
You donated 21 gold pieces to Zin.


Innate Abilities, Weirdness & Mutations

You cannot wear most types of armour.
You are amphibious.
You can wear up to eight rings at the same time.
Your skin changes colour to match your surroundings (Stealth+).
Your rubbery body absorbs attacks. (AC +1, EV +1)
((You are camouflaged when in or above water. (Stealth+)))
You have tentacles for arms and can constrict up to eight enemies at once.
You are robust. (+10% HP)
Your spells are a little harder to cast, but a little more powerful.


   Skills:
 + Level 3.4 Fighting
 - Level 2.0 Dodging
 + Level 4.5 Unarmed Combat
 - Level 2.0 Spellcasting
 * Level 5.2 Transmutations
 * Level 4.7 Ice Magic


You had 7 spell levels left.
You knew the following spells:

 Your Spells              Type           Power      Damage    Failure   Level
b - Beastly Appendage     Tmut           54%        N/A       3%          1
w - Wereblood             Tmut           27%        N/A       5%          2

Your spell library contained the following spells:

 Spells                   Type           Power      Damage    Failure   Level
 Foxfire                  Conj/Fire      8%         2x1d4     26%         1
 Spider Form              Tmut/Pois      14%        N/A       26%         3
 Ice Form                 Ice/Tmut       25%        N/A       30%         4
 Blink                    Tloc           4%         N/A       34%         2
 Cigotuvi's Dreadful Rot  Necr/Pois/Air  4%         N/A       34%         2
 Momentum Strike          Conj/Tloc      4%         3d8       34%         2
 Poisonous Vapours        Pois/Air       4%         N/A       34%         2
 Ignite Poison            Fire/Tmut/Pois 10%        N/A       34%         3
 Kindle Blastsparks       Fire/Tloc/Air  4%         2d10      56%         3
 Lesser Beckoning         Tloc           4%         N/A       56%         3
 Mephitic Cloud           Conj/Pois/Air  2%         N/A       56%         3
 Fulminant Prism          Conj/Hex       1%         3d5       91%         4
 Iskenderun's Mystic Bla  Conj/Tloc      2%         2d3       91%         4
 Passage of Golubria      Tloc           2%         N/A       91%         4
 Freezing Cloud           Conj/Ice/Air   4%         6-21      97%         5
 Fireball                 Conj/Fire      1%         3d3       99%         5
 Iskenderun's Battlesphe  Conj           2%         2d6       99%         5
 Lee's Rapid Deconstruct  Erth           1%         3d4*      99%         5
 Silence                  Hex/Air        1%         N/A       99%         5
 Iron Shot                Conj/Erth      1%         9d1       100%        6
 Starburst                Conj/Fire      1%         6d3       100%        6
 Spellforged Servitor     Conj/Summ      1%         N/A       100%        7
 Lehudib's Crystal Spear  Conj/Erth      1%         10d2      100%        8

Inventory:

Missiles
 i - 4 throwing nets {=f}
Wands
 a - a wand of iceblast (9)
 j - a wand of paralysis (9)
Scrolls
 c - 3 scrolls of fear {unknown}
 d - 3 scrolls of identify {unknown}
 e - 3 scrolls of teleportation {unknown}
 h - a scroll of enchant weapon {unknown}
 k - 2 scrolls of fog {unknown}
Potions
 b - 4 potions of curing {@q1}
 g - 2 potions of attraction

Dungeon Overview and Level Annotations

Branches:
Dungeon (5/15)             Temple (1/1) D:4

Altars:
Dithmenos
Elyvilon
Gozag
Hepliaklqana
Kikubaaqudgha
Makhleb
Nemelex Xobeh
Okawaru
Qazlal
Ru
Trog
Uskayaw
Vehumet
Wu Jian
Xom
Zin

Annotations:
D:5 Dowan, Duvessa

#...#.##.....#
#.#
#....#########
#.# ##.### ..
#.# #.# e# ###
#.# ###e####
#.# #...e..#
#.# #.#.##.#
#.####5#.#
#.§e@e§#..
###########


You could see Duvessa (fast, dazed), Dowan (empowered) and a shadow imp.


Message History

You feel better.
You are ready to recite again.
You constrict Duvessa, but do no damage.
Duvessa is lost in a daze.
It was a potion of resistance.
You feel protected.
You constrict Duvessa.
Duvessa hits you with a +2 short sword of venom!
* * * LOW HITPOINT WARNING * * *
Duvessa hits you with a +2 short sword of venom!
* * * LOW HITPOINT WARNING * * *
You feel better.
You constrict Duvessa.
Duvessa is lost in a daze.
The shadow imp shouts, "Out, out, thou skyhacking miscreant scavenger!"
Really quaff the potion of attraction?
You feel more attractive to monsters.
You constrict Duvessa, but do no damage.
Duvessa hits you with a +2 short sword of venom!
* * * LOW HITPOINT WARNING * * *
Duvessa closely misses you.
You barely miss Duvessa. You squeeze Duvessa, but do no damage.
Duvessa is moderately wounded.
You constrict Duvessa. Duvessa barely misses you.
Dowan casts a spell.
Dowan blinks!
Dowan is attracted toward you.
You tentacle-slap Duvessa but do no damage.
You tentacle-slap Duvessa, but do no damage.
Duvessa is moderately wounded.
You constrict Duvessa.
Duvessa hits you with a +2 short sword of venom.
You die...

Skill      XL: |  1  2  3  4  5  6  7 |
---------------+----------------------+-----
Ice Magic      | 1 2 3 4 |  4.7
Fighting       | 2 3 |  3.4
Transmutations | 3 4 5 |  5.2
Unarmed Combat | 4 |  4.5
Dodging        | |  2.0
Spellcasting   | |  2.0

Action                   |  1- 3 |  4- 6 |  7- 9 || total
-------------------------+-------+-------+-------++-------
Melee: Unarmed           |    77 |    58 |    60 ||   195
       Constrict         |    24 |     7 |    11 ||    42
       Kick              |    12 |       |       ||    12
       Tentacles         |    14 |    13 |    22 ||    49
       Punch             |     3 |     2 |     5 ||    10
 Cast: Beastly Appendage |     6 |       |       ||     6
Invok: Recite            |       |     1 |     4 ||     5
  Use: Potion            |     1 |     2 |     6 ||     9
 Stab: Sleeping          |     3 |     2 |     3 ||     8
       Distracted        |       |       |     1 ||     1
Armor: Skin              |     6 |     4 |     5 ||    15
Dodge: Dodged            |    35 |    31 |    29 ||    95

Levels and vault maps discovered:
D:1:      wander_arrival_lonely_grave, layout_basic, serial_forest,
          infiniplex_forest_diagonal, infiniplex_forest_clump_C,
          infiniplex_forest_zigzag_2, infiniplex_forest_lined_2,
          infiniplex_forest_lined_3, infiniplex_forest_zigzag_2,
          minmay_tetromino_i4
D:2:      layout_loops_ring, ebering_ecumenical_altar_petrified
D:3:      layout_basic, mainiacjoe_overflow_alcove_1, dk_noncrumbling_4
D:4:      layout_cave_pools, grunt_temple_overflow_opulence,
          nicolae_dithmenos_through_a_glass_darkly, minmay_temple_entry_glass,
          minmay_misc_feat_x, chequers_big_river, roderic_lattice_a
D:5:      layout_loops_cross, serial_park_tiny_2, uniq_duvessa,
          uniq_crazy_yiuf_cottage
Temple:   nicolae_temple_bog_church

Notes
Turn   | Place    | Note
-------+----------+-------------------------------------------
     0 | D:1      | Raultor the Octopode Transmuter began the quest for the
                  | Orb.
     0 | D:1      | Reached XP level 1. HP: 13/13 MP: 3/3
    80 | D:1      | Reached XP level 2. HP: 8/18 MP: 5/5
   307 | D:1      | Reached skill level 1 in Ice Magic
   317 | D:1      | Learned a level 2 spell: Wereblood
   604 | D:2      | Reached XP level 3. HP: 2/23 MP: 6/6
  1049 | D:2      | You fall into a shaft and drop 2 floors!
  1050 | D:4      | Found a staircase to the Ecumenical Temple.
  1059 | D:4      | Noticed an ogre
  1069 | D:4      | Killed an ogre
  1070 | D:4      | Reached skill level 2 in Fighting
  1070 | D:4      | Reached skill level 3 in Transmutations
  1070 | D:4      | Reached skill level 2 in Ice Magic
  1070 | D:4      | Reached XP level 4. HP: 29/29 MP: 7/7
  1070 | D:4      | Reached XP level 5. HP: 34/34 MP: 8/8
  1084 | Temple   | Entered the Ecumenical Temple
  1228 | Temple   | Became a worshipper of Zin the Law-Giver
  1228 | Temple   | Reached * piety under Zin
  1314 | D:4      | Found a shadowy altar of Dithmenos.
  1324 | D:4      | Noticed an ogre
  1327 | D:4      | Gained mutation: You are robust. (+10% HP) [potion of
                  | mutation]
  1327 | D:4      | Gained mutation: Your spells are a little harder to cast,
                  | but a little more powerful. [potion of mutation]
  1332 | D:4      | Killed an ogre
  1333 | D:4      | Reached skill level 3 in Ice Magic
  1333 | D:4      | Reached XP level 6. HP: 25/45 MP: 9/9
  1768 | D:3      | Found an ancient bone altar of Kikubaaqudgha.
  1815 | D:3      | Reached ** piety under Zin
  2460 | D:2      | Found a faded altar of an unknown god.
  2558 | D:4      | Reached skill level 4 in Unarmed Combat
  2558 | D:4      | Reached skill level 4 in Transmutations
  2899 | D:4      | Found a sparkling altar of Nemelex Xobeh.
  2900 | D:4      | Found an opulent altar of Gozag.
  2936 | D:4      | Reached XP level 7. HP: 46/49 MP: 10/10
  3066 | D:4      | Reached skill level 3 in Fighting
  3160 | D:4      | Reached skill level 4 in Ice Magic
  3648 | D:5      | Entered Level 5 of the Dungeon
  3849 | D:5      | Noticed Duvessa
  4046 | D:5      | Noticed Dowan
  4088 | D:5      | Reached skill level 5 in Transmutations
  4305 | D:5      | Identified a potion of resistance
  4305 | D:5      | HP: 2/50 [Duvessa/+2 short sword of venom (10)]
  4309 | D:5      | Slain by Duvessa

Vanquished Creatures
  2 centaurs
  3 ogres
  3 scorpions
  3 iguanas (D:4)
  4 gnolls (D:4)
  4 adders
  2 worms (D:2)
  4 dart slugs
  An orc (D:3)
  An endoplasm (D:4)
  6 giant cockroaches
  6 goblins
  2 hobgoblins
  7 quokkas
  2 bats
  3 frilled lizards
  7 kobolds
  6 rats
66 creatures vanquished.

Vanquished Creatures (others)
  8 plants (D:4)
  6 withered plants (D:2)
14 creatures vanquished.

Grand Total: 80 creatures vanquished

Table legend: (Time is in decaauts)
 A = Elapsed time spent in this place.
 B = Non-inter-level travel time spent in this place.
 C = Inter-level travel time spent in this place.
 D = Time resting spent in this place.
 E = Time spent auto-exploring this place.
 F = Levels seen in this place.
 G = Mean time per level.
                   A        B        C        D        E       F      G
               +--------+--------+--------+--------+--------+-----+--------+
         Total |   4297 |   4206 |     91 |    203 |   3181 |   6 |  716.2 |
       Dungeon |   4144 |   4061 |     83 |    203 |   3063 |   5 |  828.8 |
        Temple |    153 |    145 |      8 |      0 |    118 |   1 |  153.0 |
               +--------+--------+--------+--------+--------+-----+--------+

Top non-repeatable levels by time:
     D:4: 1313 daAuts
     D:2: 831 daAuts
     D:1: 682 daAuts
     D:3: 659 daAuts
     D:5: 658 daAuts
  Temple: 153 daAuts

Table legend:
 A = Non-vault XP
 B = Vault XP
 C = Vault XP percentage of total XP
 D = Non-vault monster count
 E = Vault monster count
 F = Vault count percentage of total count
                 A         B        C        D         E       F
            +---------+---------+-------+---------+---------+-------
      Total |    1145 |       4 |   0.3 |      63 |       3 |   4.5
            +---------+---------+-------+---------+---------+-------
        D:1 |      29 |       4 |  12.1 |      18 |       3 |  14.3
        D:2 |      60 |       0 |   0.0 |      17 |       0 |   0.0
        D:3 |      28 |       0 |   0.0 |       7 |       0 |   0.0
        D:4 |     630 |       0 |   0.0 |      15 |       0 |   0.0
        D:5 |     398 |       0 |   0.0 |       6 |       0 |   0.0
            +---------+---------+-------+---------+---------+-------
